 Dungeon Crawl Stone Soup version 0.28.0-1-gb440e238dd (webtiles) character file.

Game seed: 18375350110216901251

72 issech the Cudgeller (level 4, -7/45 HPs)
             Began as a Troll Monk on Feb 21, 2022.
             Mangled by an orc priest (13 damage)
             ... on level 3 of the Dungeon.
             The game lasted 00:05:18 (2088 turns).

issech the Cudgeller (Troll Monk)                   Turns: 2088, Time: 00:05:19

Health: -7/45      AC:  4    Str: 19    XL:     4   Next: 7%
Magic:  12/12      EV: 10    Int:  6    God:
Gold:   85         SH:  0    Dex: 14    Spells: 3/3 levels left

rFire   . . .      SeeInvis .   a - +0 mace
rCold   . . .      Faith    .   (no shield)
rNeg    . . .      Spirit   .   b - +0 robe
rPois   .          Reflect  .   (helmet restricted)
rElec   .          Harm     .   (no cloak)
rCorr   .          Rampage  .   (gloves unavailable)
Will    .....                   (boots unavailable)
Stlth   ++........              (no amulet)
HPRegen 0.95/turn               g - ring of magical power
MPRegen 0.13/turn               (no ring)

@: no status effects
A: large, unfitting armour, claws 3, regeneration 1, shaggy fur 1, tough skin 1
a: no special abilities


You were on level 3 of the Dungeon.
You visited 1 branch of the dungeon, and saw 3 of its levels.

You collected 85 gold pieces.

Inventory:

Hand Weapons
 a - a +0 mace (weapon)
Missiles
 d - 100 arrows
 e - 21 stones (quivered)
 f - 10 poisoned darts
 j - 14 sling bullets
Armour
 b - a +0 robe (worn)
Jewellery
 g - a ring of magical power (left claw)
Wands
 k - a wand of polymorph (2)
Scrolls
 c - 2 scrolls of magic mapping {unknown}
 h - 2 scrolls of identify {unknown}
 i - a scroll of silence {unknown}


   Skills:
 + Level 3.0 Fighting
 + Level 3.3 Maces & Flails
 + Level 3.0 Dodging
 + Level 1.2 Stealth


You had 3 spell levels left.
You didn't know any spells.
Your spell library contained the following spells:

 Spells                   Type           Power      Damage    Failure   Level
 Ensorcelled Hibernation  Hex/Ice        0%         N/A       58%         2
 Passwall                 Tmut/Erth      0%         N/A       58%         2
 Swiftness                Air            0%         N/A       83%         3


Dungeon Overview and Level Annotations

Branches:
Dungeon (3/15)

Altars:


Innate Abilities, Weirdness & Mutations

You are too large for most types of armour.
You have claws for hands.
Your natural rate of healing is unusually fast.
You are covered in fur. (AC +1)
You have tough skin. (AC +1)


Message History

Things that are here:
a +0 dagger; a goblin corpse
Found a stone staircase leading down.
Found a scroll labelled YGOPAC GYDULL.
Found 14 sling bullets.
Found a stone staircase leading up.
Found a stone staircase leading down.
h - 2 scrolls labelled YGOPAC GYDULL (gained 1)
j - 14 sling bullets
There is a stone staircase leading down here.
Found a silver wand.
k - a wand of polymorph (2)
Found 18 gold pieces.
Found a stone staircase leading down.
An orc priest comes into view.
It is wielding a +0 hand axe of electrocution.
The orc priest looks braver for a moment.
You see here 18 gold pieces.
The orc priest calls down the wrath of Beogh upon you.
Pain shoots through your body!
The orc priest mumbles some strange prayers to Beogh against you.
Pain shoots through your body! The orc priest misses you.
You hit the orc priest.
The orc priest is lightly wounded.
An orc comes into view. It is wielding a +0 club.
The orc priest hits you with a +0 hand axe of electrocution.
The orc moves out of view.
You barely miss the orc priest.
The orc priest is lightly wounded.
The orc priest barely misses you.
You closely miss the orc priest.
The orc priest is lightly wounded.
The orc priest hits you with a +0 hand axe of electrocution.
You thump the orc priest!
The orc priest is severely wounded.
The orc priest mumbles some strange prayers to Beogh against you.
Beogh smites you!
* * * LOW HITPOINT WARNING * * *
The orc priest hits you with a +0 hand axe of electrocution.
* * * LOW HITPOINT WARNING * * *
You are electrocuted!
You die...

#.....###########
#.# #.....# #.#
###..## #.# #..#
########.#######
#..#
#$..........>..#
#..#
#.#.#.##.#####.#
#..# #........#
#.## #.#.#.####
#@....# #o#.###
#...# ....# #....
#..### #..# #..#


You could see an orc priest.

Vanquished Creatures
  2 adders
  5 dart slugs (D:2)
  An orc (D:2)
  4 ball pythons (D:2)
  4 bats
  3 endoplasms
  A giant cockroach (D:2)
  2 goblins
  4 hobgoblins
  2 jackals (D:2)
  3 kobolds
  2 quokkas (D:2)
  4 frilled lizards
  5 rats
  2 bushes (D:1)
44 creatures vanquished.

Notes
Turn   | Place    | Note
-------+----------+-------------------------------------------
     0 | D:1      | issech the Troll Monk began the quest for the Orb.
     0 | D:1      | Reached XP level 1. HP: 22/22 MP: 0/0
   307 | D:1      | Reached XP level 2. HP: 29/29 MP: 1/1
  1197 | D:2      | Reached XP level 3. HP: 36/36 MP: 2/2
  1245 | D:2      | Found a faded altar of an unknown god.
  1968 | D:3      | Reached XP level 4. HP: 45/45 MP: 3/3
  2088 | D:3      | Mangled by an orc priest

Illustrated notes

Levels and vault maps discovered:
D:1:      onia_arrival_mini_spirals, layout_basic, serial_forest,
          infiniplex_forest_end_2, infiniplex_forest_clump_diagonal,
          infiniplex_forest_lined_2, infiniplex_forest_end_3
D:2:      layout_basic, chequers_ecumenical_altar_twisty
D:3:      layout_loops_ring, kennysheep_cross_bottleneck,
          chequers_serial_rivers_marsh, uniq_robin

Skill      XL: |  1  2  3  4 |
---------------+-------------+-----
Maces & Flails | 3 |  3.3
Fighting       | 3 |  3.0
Dodging        | 3 |  3.0
Stealth        | |  1.2

Action                   |  1- 3 |  4- 6 || total
-------------------------+-------+-------++-------
Melee: Mace              |   330 |     8 ||   338
       Punch             |     6 |       ||     6
 Stab: Sleeping          |     1 |       ||     1
Armor: Robe              |    69 |       ||    69
Dodge: Dodged            |    73 |     3 ||    76
